[Event "GCT 9th Sinquefield Cup 2022"]
[White "Niemann,Hans Moke"]
[Black "Caruana,Fabiano"]
[Site "Saint Louis"]
[Round "8.1"]
[Annotator "TA"]
[Result "0-1"]
[Date "2022.09.10"]
[WhiteElo "2688"]
[BlackElo "2758"]
[PlyCount "138"]
[TimeControl "60"]

1. c4 e5 2. Nc3 Bb4 3. Nd5 a5 4. a3 Bc5 5. Nf3 d6 6. e3 $1 {[%emt 0:4:57] A21: English Opening: 1...e5
2 Nc3.} c6 7. d4 Ba7 8. Nc3 {[%emt 0:0:19] White has an edge.} (8. dxe5 cxd5 9. Qxd5 Nc6 10. Qxd6 Qxd6 11. exd6 Bc5 $17 )Nd7 9. b4 Ngf6 10. Bb2 O-O 11. Be2 {[%emt 0:0:23] 
[#]} exd4 $1 $146 {[%emt 0:5:12] A top novelty.} ({Predecessor:} 11... Re8 12. O-O e4 13. Nd2 d5 14. cxd5 cxd5 15. Qb3 Nf8 16. Rfc1 Bb8 17. Nf1 axb4 18. Qxb4 {1-0 (61) Cori,J (2652)-Mareco,S (2629) Krasnaya Polyana 2021} )12. Nxd4 Ne5 13. h3 Re8 14. O-O Bd7 15. Qd2 Bb6 (15... Qc8 $1 $11 )16. Rad1 axb4 17. axb4 Qc8 18. f4 Ng6 19. Kh2 c5 20. bxc5 Qxc5 21. g4 ({White should play} 21. Rf3 $14 )Ba5 22. Qd3 Bxc3 23. Qxc3 (23. Bxc3 b5 24. Nc2 (24. cxb5 $2 Ra3 $17 )Ra2 $17 )Ne4 24. Qd3 (24. Qb3 $2 Ba4 25. Qd3 (25. Qxb7 $2 Bxd1 26. Rxd1 Rab8 $19 )Bxd1 26. Rxd1 Nf2 $19 )Qb4 25. Rb1 (25. Ra1 $1 $11 )Nd2 $1 $36 {[%emt 0:10:59]
 White is under strong pressure. 0x0.00168414fff5dp-1022s more
active pieces.} (25... Ra2 $6 26. Nc2 Qb6 27. Ba1 $15 )26. Bc3 Nxf1+ 27. Bxf1 {[%emt 0:0:14] This bishop pair is nice.} Ra2+ $1 28. Kg1 Qa4 29. Rxb7 Nh4 $1 30. Bb2 {[%emt 0:6:21] [#]
} Qa8 $1 {[%emt 0:4:24] Chess con chili.} 31. Qb3 Ra7 ({Much worse is} 31... Bc8 32. Rb8 Qa7 33. Nc6 Rxb2 34. Qxb2 Qxe3+ 35. Qf2 Nf3+ 36. Kg2 Ne1+ 37. Kg1 Nf3+ 38. Kg2 Ne1+ 39. Kg1 Nf3+ $11 )32. Rxa7 Qxa7 33. Qc3 {[%emt 0:2:40][%cal Yc4c5]
Prevents Qa5.} f6 34. Qd2 {[%emt 0:8:34] [#]} Qxd4 $1 35. Qxd4 Nf3+ 36. Kf2 Nxd4 37. Bxd4 {[%emt 0:1:8]
Endgame KRB-KB} Rc8 $1 38. Bg2 Kf8 39. Bd5 Ke7 40. f5 Ba4 41. Ke2 Bb3 42. Kd3 Ba2 43. Ba7 Bb3 ({Better is} 43... h5 $17 )44. Kd4 (44. Bd4 $11 {keeps
the balance.} )h5 45. gxh5 Rh8 46. Bf3 Bc2 {[%emt 0:3:8]
Black has strong compensation.} 47. Bg4 Ra8 48. Bb6 Ra3 49. c5 Rd3+ 50. Kc4 (50. Ke4 $17 )dxc5 $2 (50... d5+ $1 $19 51. Kb5 Rb3+ 52. Ka6 (52. Kc6 $2 Be4 $19 )Rxe3 )51. Bxc5+ $11 Kf7 52. Bd4 (52. Bf3 $11 {remains equal.} )Ra3 $17 53. Bc3 Be4 54. Kd4 Ra4+ 55. Kc5 Bc2 56. Bb4 (56. Kd5 $142 )Ra1 57. Kd4 {[%emt 0:0:0] [#]} Rf1 $1 58. Be2 {[#] aiming for Bc4+.} Rxf5 (58... Rb1 $1 $19 59. Bc4+ Ke8 60. Bb5+ Kd8 )59. Bd6 Bb3 {[%emt 0:1:28]
 ...Rd5+ is the strong threat.} 60. Bf4 (60. e4 $142 Ra5 61. Ke3 )Ra5 61. h4 Kg8 62. h6 g6 63. Bc7 (63. e4 $17 )Rd5+ $19 64. Kc3 $2 (64. Ke4 )Rc5+ 65. Kxb3 Rxc7 66. Bd3 f5 67. h5 gxh5 {[%emt 0:0:3] Black mates.} 68. Bxf5 h4 69. e4 Rc5 {[%emt 0:0:0] Weighted Error Value: White=0.23 (precise) /Black=0.15 (very precise)} 0-1

[Event "GCT 9th Sinquefield Cup 2022"]
[White "Aronian,Levon"]
[Black "Nepomniachtchi,Ian"]
[Site "Saint Louis"]
[Round "8.2"]
[Annotator "TA"]
[Result "0-1"]
[Date "2022.09.10"]
[WhiteElo "2759"]
[BlackElo "2792"]
[PlyCount "104"]
[TimeControl "60"]

1. e4 e5 2. Nf3 Nf6 3. Nxe5 d6 4. Nf3 Nxe4 5. d4 d5 6. Bd3 Bd6 7. O-O O-O 8. c4 c6 9. Re1 Bf5 10. Qc2 {[%emt 0:0:8] C42: Petroff Defence: 3 Nxe5
and unusual White 3rd moves.} Bg6 11. c5 Bc7 12. Nbd2 {[%emt 0:0:10][%cal Rd2e4] The position is equal.} (12. Nc3 $5 )f5 13. Qb3 {[%emt 0:4:28][%csl Yb7,Ye4]
 [#]} Rf7 $146 ({Predecessor:} 13... Nxd2 14. Bxd2 Qc8 15. Ne5 Nd7 16. Bf4 Nf6 17. Bc2 a5 18. Re2 Bh5 19. f3 h6 {1-0 (35)
Schweda,R-Tan,M Singapore 1990} )14. Bc2 (14. Nxe4 $11 fxe4 15. Ng5 exd3 16. Nxf7 Bxf7 17. Qxb7 )h6 {[%emt 0:4:37] Black is more
active.} 15. Nf1 a5 16. a4 Na6 17. Bd2 Bh5 18. Rad1 Qf6 19. Ng3 Bxf3 20. Qxf3 (20. gxf3 $17 Nxd2 21. Rxd2 )Bxg3 $19 (20... Qxd4 21. Bc3 Qxc5 22. Nxf5 $17 )21. hxg3 Qxd4 22. Bxa5 Qxb2 23. Re2 Naxc5 {[%emt 0:0:33] Pair of Knights!} 24. Be1 Qf6 25. a5 Rd8 26. Bb1 Rfd7 (26... Ne6 $19 {aiming for ...Nd4.} 27. Qe3 c5 )27. Qa3 (27. g4 $17 {was necessary.} )d4 28. Bb4 Na6 29. Be1 c5 ({Black should try} 29... Kh8 $17 {And now ...Nac5
would win.} 30. g4 Nc7 31. Bxe4 fxe4 32. Rxe4 Nb5 )30. g4 $1 $15 g6 31. Qc1 Kg7 (31... Nc7 $15 )32. gxf5 $11 gxf5 {[%emt 0:0:15] [#] ...d3 is the
strong threat.} 33. Rd3 Re7 34. Rf3 Rde8 35. Rxe4 Rxe4 36. Bxe4 Rxe4 37. Bd2 Qe6 38. Qb1 Qd5 {[%emt 0:1:37] Strongly threatening ...c4.} 39. Rh3 ({
Much weaker is} 39. Qb6 Re6 40. Qb1 Rg6 41. Qxf5 Qxf5 42. Rxf5 b6 43. axb6 Rxb6 $17 )(39. Rb3 $11 )Re6 $1 $15 {[%emt 0:0:53] White must now prevent ...
c4.} ({Don't play} 39... Rg4 40. Bxh6+ Kf7 41. f3 $11 )40. Qc1 (40. Rb3 $15 )Rg6 $17 41. Bxh6+ Kf6 (41... Kf7 $19 42. g3 Nc7 )42. f3 {[%emt 0:1:3] [#]} (42. g3 $1 $15 )Nc7 $1 {[%emt 0:0:0] Threatens to win with ...c4.} ({Weaker is} 42... Qa2 43. Bd2 $11 )43. Qf4 {[%emt 0:2:3] This costs White the game.} (43. Bd2 $17 {was worth a try.} )Ne6 $40 {[%emt 0:0:6] Black has strong attack.} 44. Qb8 Qa2 $1 {[%emt 0:0:31][%csl Gg6,Ya5,Yg2][%cal Ra2g2] The
board is on fire.} 45. g4 (45. g3 Qe2 46. Bf4 )fxg4 46. Qh8+ Kf7 {[%emt 0:0:7] ( -> ...gxf3+)} 47. Rg3 Qb1+ 48. Kh2 Qc2+ {[%emt 0:0:19]
 Black mates.} 49. Kh1 Qd1+ 50. Kh2 Qe2+ 51. Rg2 g3+ 52. Kh3 Qf1 {[%emt 0:0:34] Weighted Error
Value: White=0.53/Black=0.17 (very precise)} 0-1

[Event "GCT 9th Sinquefield Cup 2022"]
[White "Firouzja,Alireza"]
[Black "So,Wesley"]
[Site "Saint Louis"]
[Round "8.3"]
[Annotator "TA"]
[Result "1-0"]
[Date "2022.09.10"]
[WhiteElo "2778"]
[BlackElo "2771"]
[PlyCount "63"]
[TimeControl "60"]

1. e4 e5 2. Nf3 Nc6 3. Bc4 Bc5 4. d3 Nf6 5. O-O d6 6. c3 O-O 7. h3 h6 8. Re1 a6 {[%emt 0:0:6] C54:
Giuoco Piano: 4 c3 Nf6, main lines with 5 d4 and 5 d3.} (8... a5 9. Bb3 Be6 10. Ba4 Bb6 11. d4 Bd7 12. Be3 exd4 13. cxd4 Re8 14. d5 Ne5 15. Nxe5 Bxa4 16. Qxa4 Bxe3 17. Rxe3 Rxe5 18. Nd2 {0-1 (79) Firouzja,A (2759)-So,W (2770) chess24.com
INT 2021} )9. a4 {[%emt 0:0:38] 9.Nbd2 is the recent fashion.} a5 10. Nbd2 Be6 {[%emt 0:2:28] The position is equal.} 11. b3 Re8 {[%emt 0:0:10] [#]} 12. Bb2 $1 $146 {[%emt 0:6:40]
 A top novelty.} ({Predecessor:} 12. Qc2 Ba7 13. Nf1 Nh5 14. Ne3 Bxe3 15. Bxe3 Qf6 16. Qe2 Nf4 17. Bxf4 Qxf4 18. Nd2 {½-½ (45) Giri,A (2761)
-Praggnanandhaa,R (2642) chess24.com INT 2022} )d5 13. Bb5 dxe4 14. dxe4 (14. Nxe4 $11 Nxe4 15. Rxe4 )Nh5 $1 $17 15. Nc4 (15. Ba3 $15 Bxa3 16. Rxa3 )Qf6 $1 {[%emt 0:8:39] Threatens to win with .
..Nf4.} 16. Bxc6 bxc6 17. Ncxe5 {[%emt 0:0:0] [#] Strongly threatening Nd3.} Bxh3 $1 18. Nd3 {[%emt 0:3:13]
 [#]} (18. gxh3 $2 Rxe5 19. c4 (19. Nxe5 $2 Qxf2+ 20. Kh1 Ng3# )Qg6+ 20. Kh2 Rxe4 21. Rxe4 Qxe4 $19 )Qg6 $1 19. Nh4 $11 Qg5 20. Nxc5 Qxh4 ({Better is} 20... Rad8 $1 $15 21. Qf3 Bg4 )21. gxh3 {[%emt 0:10:42] Black must now prevent Qg4.} Qg5+ 22. Qg4 Qxc5 23. c4 $36 {[%emt 0:0:57]
White has the initiative.} Rab8 {[%emt 0:6:22] [#]} (23... Re6 $11 {remains
equal.} 24. Qf3 Nf6 )24. e5 $1 $16 {[%emt 0:6:51] aiming for Ba3.} g6 $2 {[%emt 0:4:31]
 [#]} (24... Rxb3 $16 {is tougher.} 25. Bd4 Qxc4 )25. Ba3 $1 $18 Qb6 26. e6 {[%emt 0:0:19] exf7+ would kill now.} c5 27. exf7+ Kxf7 28. Qd7+ Kf8 29. Qd5 (29. Qh7 Nf6 30. Qxg6 Ne4 $18 )Kg7 30. Bxc5 ({Weaker is} 30. Bb2+ Nf6 31. Rad1 (31. Qd7+ Kf8 $16 )Rbc8 $18 )Nf6 {[%emt 0:0:3]
Against Qd7+} 31. Bxb6 Nxd5 32. Rxe8 {[%emt 0:0:55]
 Never resign too early!  Weighted Error Value: White=0.10 (very
precise) /Black=0.37} ({Not} 32. cxd5 Rxe1+ 33. Rxe1 Rxb6 $14 )1-0

[Event "GCT 9th Sinquefield Cup 2022"]
[White "Dominguez Perez,Leinier"]
[Black "Mamedyarov,Shakhriyar"]
[Site "Saint Louis"]
[Round "8.4"]
[Annotator "TA"]
[Result "1/2-1/2"]
[Date "2022.09.10"]
[WhiteElo "2745"]
[BlackElo "2757"]
[PlyCount "170"]
[TimeControl "60"]

1. e4 e5 2. Nf3 Nc6 3. Bb5 a6 4. Ba4 Nf6 5. O-O Nxe4 6. d4 b5 7. Bb3 d5 8. dxe5 Be6 9. c3 Be7 10. Nbd2 Nc5 11. Bc2 d4 12. Nb3 {[%emt 0:2:21][%cal Rb3d4]
C83: Open Ruy Lopez: 9 c3 Be7.} d3 13. Bb1 Nxb3 14. axb3 {[%emt 0:0:5] White is slightly better.} Bf5 15. b4 O-O 16. h3 Qd7 17. Re1 Rfd8 {[%emt 0:1:45] [#]} 18. Re3 $146 ({Better is} 18. g4 $1 $16 Bg6 19. Ba2 )({Predecessor:} 18. g4 Bg6 19. Bf4 Qc8 20. Ba2 a5 21. bxa5 Nxa5 22. e6 f6 23. h4 c5 24. h5 {0-1 (41) Sadhwani,R (2611)-Perez Candelario,M (2578) Ovar
2022} )h5 19. Ba2 Be6 20. Bb1 Bf5 21. Ba2 Be6 $1 22. Bd2 g6 23. Bb1 Bf5 24. Ba2 Be6 25. Bxe6 Qxe6 26. Ne1 a5 (26... Nxe5 $2 27. f4 $18 )27. Nxd3 axb4 28. Rxa8 Rxa8 29. cxb4 Rd8 30. Qf1 Nd4 31. Bc3 Qf5 {[%emt 0:0:54]
 Against Re4} 32. Ne1 $1 c6 33. Qd3 $1 Qd7 34. Qe4 Ne6 35. Rd3 Qc8 36. Rxd8+ Bxd8 37. Nd3 Be7 38. Kf1 Qd7 39. Ke2 Kf8 40. Bd2 Nd4+ 41. Kf1 Ke8 42. Be3 Ne6 43. Ke2 Kf8 44. Bc5 Bxc5 45. Nxc5 Nxc5 46. bxc5 $16 {[%emt 0:0:2] Endgame KQ-KQ} Qe6 47. b4 Qa2+ 48. Kf3 Qa3+ 49. Kf4 Qc1+ 50. Kg3 Qc3+ 51. Kh2 (51. f3 $16 )Qd2 (51... Qc4 $1 $11 {remains equal.} 52. Qf3 (52. Qxc6 Qf4+ 53. Kg1 Qc1+ 54. Kh2 Qf4+ 55. g3 Qxf2+ 56. Qg2 Qd4 $11 )Qxb4 )52. Kg3 (52. Qxc6 $6 Qf4+ 53. Kg1 Qc1+ 54. Kh2 Qf4+ 55. g3 Qxf2+ 56. Qg2 Qd4 $11 )Qc3+ $1 53. f3 Kg7 54. h4 (54. Qxc6 $6 Qe1+ 55. Kf4 Qd2+ 56. Kg3 Qe1+ 57. Kh2 Qxe5+ 58. Kh1 Qe1+ 59. Kh2 Qe5+ 60. Kh1 Qe1+ 61. Kh2 Qe5+ $11 )Qd2 (54... Kh7 $16 {was called for.} 55. Kh3 (55. Qxc6 Qe1+ 56. Kf4 Qd2+ 57. Kg3 Qe1+ 58. Kf4 Qd2+ 59. Kg3 Qe1+ $11 )Qa1 )55. Qf4 (55. Qxc6 Qe1+ 56. Kf4 (56. Kh3 Qh1+ 57. Kg3 Qe1+ 58. Kf4 Qd2+ 59. Ke4 Qe2+ 60. Kf4 Qd2+ 61. Kg3 Qe1+ $11 )Qd2+ 57. Kg3 Qe1+ 58. Kh3 Qh1+ 59. Kg3 Qe1+ $11 )Qe1+ 56. Kh2 {[%emt 0:0:3]
Threatens to win with Qf6+.} Kg8 57. Qd4 $2 (57. Qe4 $18 Qxe4 58. fxe4 )Kh7 (57... Kg7 $14 )58. Qf4 Kg8 59. Qf6 {[%emt 0:3:56] And now e6 would
win.} Qxb4 $2 (59... Qc3 $16 {is a better chance.} 60. Qd8+ (60. Qxc6 Qxe5+ 61. g3 Qe2+ 62. Kg1 Qe1+ 63. Kh2 Qe2+ 64. Kh3 Qf1+ 65. Kh2 Qe2+ $11 )Kg7 )60. e6 $18 fxe6 61. Qxg6+ Kf8 62. Qf6+ Kg8 63. Qxe6+ Kg7 64. Qe5+ Kg8 65. Qe8+ Kg7 66. Qe7+ Kg8 67. Qe8+ (67. Kh3 $142 )Kg7 68. Qe5+ $2 (68. Qxc6 Qxh4+ 69. Kg1 Qe1+ 70. Kh2 Qh4+ 71. Kg1 Qe1+ 72. Kh2 Qh4+ $11 )({White should try} 68. Qxh5 $18 Qd4 69. Qg5+ Kf7 70. h5 )Kf8 $2 (68... Kg8 $1 $11 {and Black has nothing to worry.} )69. Qf6+ (69. Qxh5 $6 Qd4 70. Kg3 b4 $16 )(69. Kh3 $18 {has better winning chances.} )Kg8 $16 70. Qg5+ (70. Qxc6 $6 Qxh4+ 71. Kg1 Qe1+ 72. Kh2 Qh4+ 73. Kg1 Qe1+ 74. Kh2 Qh4+ $11 )Kf8 71. Qxh5 Qf4+ 72. g3 Qd2+ {[%emt 0:5:8]
 [#]} 73. Kh3 $1 b4 $2 (73... Qe3 74. f4 Qe4 )74. Qh8+ Kf7 75. Qh7+ Kf6 76. Qb7 $2 ({White
should play} 76. g4 $18 {Black must now prevent g5+.} Qd5 77. g5+ Ke6 78. Qg8+ Ke7 79. Qxd5 cxd5 80. c6 )Qe1 $11 {[%emt 0:0:4] The position is equal.} 77. h5 ({Don't blunder} 77. Qxc6+ $2 Qe6+ 78. Qxe6+ Kxe6 $19 )Qe6+ 78. Kh4 Qc4+ 79. f4 {[%emt 0:0:26] aiming for h6.} Qd5 $1 80. Qxb4 {[%emt 0:0:0] Qc3+ would kill now.} Qh1+ 81. Kg4 {[%emt 0:0:4]
Intending Qd4+ and mate.} Qd1+ 82. Kh3 $1 (82. Kh4 {leads to mate.} Kf5 )Qh1+ 83. Kg4 Qd1+ 84. Kh3 $1 {[%emt 0:0:10] Threatening mate with
Qc3+.} (84. Kh4 {is a self mate.} Kf5 )Qh1+ 85. Kg4 {[%emt 0:0:5]
 White wants to mate with Qd4+.} Qd1+ {[%emt 0:0:3] Black
defended with fortune.  Weighted Error Value: White=0.21 (precise) /Black=0.29
(precise)} 1/2-1/2